 Dungeon Crawl Stone Soup version 0.29.1-12-g30fa7ad0bf (webtiles) character file.

Game seed: 14322535003811103785

98 Mitcholas the Shooter (level 4, 26/26 HPs)
             Began as a Deep Elf Hunter on Jan 12, 2023.
             Quit the game on level 4 of the Dungeon.
             The game lasted 00:03:37 (2913 turns).

Mitcholas the Shooter (Deep Elf Hunter)             Turns: 2913, Time: 00:03:38

Health: 26/26      AC:  4    Str:  8    XL:     4   Next: 43%
Magic:  6/6        EV: 13    Int: 20    God:
Gold:   143        SH:  0    Dex: 20    Spells: 3/3 levels left

rFire   . . .      SeeInvis .   a - +0 shortbow
rCold   . . .      Faith    .   (shield currently unavailable)
rNeg    . . .      Spirit   .   c - +0 leather armour
rPois   .          Reflect  .   d - +0 helmet
rElec   .          Harm     .   (no cloak)
rCorr   .          Rampage  .   (no gloves)
Will    .....                   (no boots)
Stlth   ++........              (no amulet)
HPRegen 0.08/turn               r - +6 ring of intelligence
MPRegen 0.10/turn               (no ring)

@: no status effects
A: no striking features
a: no special abilities


You were on level 4 of the Dungeon.
You visited 1 branch of the dungeon, and saw 4 of its levels.

You collected 143 gold pieces.

Inventory:

Hand Weapons
 a - a +0 shortbow (weapon)
Missiles
 h - 2 throwing nets
Armour
 c - a +0 leather armour (worn)
 d - a +0 helmet (worn)
Jewellery
 r - a +6 ring of intelligence (left hand)
Scrolls
 b - a scroll of immolation
 g - a scroll of vulnerability {unknown}
 i - a scroll of teleportation {unknown}
 k - 5 scrolls of identify {unknown}
 l - a scroll of enchant armour {unknown}
 m - a scroll of enchant weapon {unknown}
 p - a scroll of noise {unknown}
 t - a scroll of poison {unknown}
 u - a scroll of butterflies {unknown}
Potions
 e - 4 potions of curing {unknown}
 f - a potion of haste {unknown}
 j - a potion of brilliance {unknown}
 n - a potion of mutation {unknown}
 o - 2 potions of invisibility {unknown}
 q - a potion of ambrosia {unknown}
 s - a potion of flight {unknown}


   Skills:
 + Level 2.0 Fighting
 * Level 6.3 Ranged Weapons
 + Level 1.0 Armour
 + Level 3.2 Dodging
 + Level 2.5 Stealth


You had 3 spell levels left.
You didn't know any spells.
Your spell library contained the following spells:

 Spells                   Type           Power      Damage    Failure   Level
 Foxfire                  Conj/Fire      0%         2x1d4     26%         1
 Magic Dart               Conj           0%         1d3       26%         1
 Call Imp                 Summ           0%         N/A       38%         2
 Conjure Flame            Conj/Fire      0%         6-21      63%         3
 Inner Flame              Hex/Fire       0%         N/A       63%         3
 Mephitic Cloud           Conj/Pois/Air  0%         N/A       63%         3
 Flame Wave               Conj/Fire      0%         2d4       95%         4


Dungeon Overview and Level Annotations

Branches:
Dungeon (4/15)
 Temple: D:4-7

Altars:

Annotations:
D:3 1 runed translucent door, Crazy Yiuf


Message History

No target in view!
No target in view!
No target in view!
There is an open door here.
As you open the door, it creaks loudly!
There is an open door here.
As you open the door, it creaks loudly!
There is an open door here.
Found a stone staircase leading up.
You open the door.
Found a quarterstaff and a robe.
There is an open door here.
You open the door.
There is an open door here.
There is an open door here.
There is an open door here.
You see here a +0 rapier.
You see here a +0 sling.
Found a hammer.
Found a runed translucent door.
Crazy Yiuf shouts!
Could not explore, unopened runed door.
Press: ? - help, v - describe, . - travel
Here: Crazy Yiuf, wielding a +4 quarterstaff of chaos and wearing a +0 cloak (fire blocked by a runed translucent door)
The floor.
There is a stone staircase leading down here.
You see here a +0 dagger.
You climb downwards.
Found a hand axe.
There is a stone staircase leading up here.
You see here a +0 hand axe.
A kobold comes into view. It is wielding a +0 whip.
You shoot an arrow. The arrow hits the kobold.
The kobold shouts!
The kobold is moderately wounded.
The kobold throws a stone.
The stone hits you but does no damage.
You shoot an arrow. The arrow hits the kobold.
You kill the kobold!
Welcome back, Mitcholas the Deep Elf Hunter.
Press ? for a list of commands and other information.
Are you sure you want to abandon this character and quit the game? (Confirm with "yes".)

#.# #.#
#.# #<#
#.# #.#
#.# #)#
#@#
..(.....#
#########


There were no monsters in sight!

Vanquished Creatures
  3 adders (D:2)
  A worm (D:2)
  3 dart slugs
  An orc (D:3)
  5 ball pythons
  9 bats
  8 endoplasms
  A giant cockroach (D:1)
  4 goblins
  4 hobgoblins
  5 kobolds
  3 quokkas
  4 frilled lizards
  4 rats
55 creatures vanquished.

Notes
Turn   | Place    | Note
-------+----------+-------------------------------------------
     0 | D:1      | Mitcholas the Deep Elf Hunter began the quest for the Orb.
     0 | D:1      | Reached XP level 1. HP: 12/12 MP: 3/3
   335 | D:1      | Reached XP level 2. HP: 17/17 MP: 4/4
   755 | D:1      | Reached XP level 3. HP: 21/21 MP: 5/5
   787 | D:1      | Found a faded altar of an unknown god.
  1064 | D:2      | Reached skill level 6 in Ranged Weapons
  1664 | D:2      | Reached XP level 4. HP: 26/26 MP: 6/6
  1778 | D:2      | Reached skill level 1 in Armour
  2867 | D:3      | Found a runed translucent door.
  2868 | D:3      | Noticed Crazy Yiuf
  2913 | D:4      | Quit the game

Illustrated notes

Levels and vault maps discovered:
D:1:      minmay_arrival_four_circles, layout_loops_ring,
          hellmonk_ecumenical_altar_zigzags
D:2:      layout_loops_corners
D:3:      layout_basic, uniq_crazy_yiuf_cottage
D:4:      layout_loops_ring, mainiacjoe_overflow_catwalk,
          minmay_misc_feat_more_columns

Skill      XL: |  1  2  3  4 |
---------------+-------------+-----
Stealth        | 2 |  2.5
Ranged Weapons | 6 |  6.3
Fighting       | 2 |  2.0
Dodging        | 3 |  3.2
Armour         | 1 |  1.0

Action                   |  1- 3 |  4- 6 || total
-------------------------+-------+-------++-------
 Fire: Shortbow          |    84 |    38 ||   122
Armor: Leather armour    |     7 |     6 ||    13
Dodge: Dodged            |    10 |    10 ||    20
